 Dungeon Crawl Stone Soup version 0.27-a0-13-g87abb2d9eb (webtiles) character file.

Game seed: 17082646772407083939

6143 wakim the Spear-Bearer (level 10, -4/77 HPs)
             Began as a Merfolk Gladiator on Jan 2, 2021.
             Was a High Priest of Okawaru.
             Slain by Sonja
             ... wielding a +1 short sword of distortion
              (14 damage)
             ... on level 10 of the Dungeon.
             The game lasted 01:15:41 (13203 turns).

wakim the Spear-Bearer (Merfolk Gladiator)         Turns: 13203, Time: 01:15:42

Health: -4/77      AC: 10    Str: 16    XL:     10   Next: 90%
Magic:  8/13       EV: 15    Int:  7    God:    Okawaru [*****.]
Gold:   372        SH:  5    Dex: 18    Spells: 9/9 levels left

rFire    . . .     SeeInvis .   a - +5 trident
rCold    . . .     Faith    .   D - +0 buckler
rNeg     + . .     Spirit   .   N - +0 scale mail
rPois    .         Reflect  .   c - +1 helmet
rElec    .         Harm     .   (no cloak)
rCorr    .         Rampage  .   O - +0 pair of gloves
Will     .....                  (no boots)
Stlth    +++.......             J - amulet of the acrobat
HPRegen  0.22/turn              b - ring of positive energy
MPRegen  0.13/turn              k - ring of wizardry

@: finesse
A: change form in water, swift swim, stealthy swim
a: Renounce Religion, Heroism, Finesse


You were on level 10 of the Dungeon.
You worshipped Okawaru.
Okawaru was extremely pleased with you.
You visited 2 branches of the dungeon, and saw 11 of its levels.

You collected 400 gold pieces.
You spent 28 gold pieces at shops.

Inventory:

Hand Weapons
 a - a +5 trident (weapon)
 u - a +0 glaive
 F - a +1 trident
Missiles
 d - a throwing net
 p - 227 stones
 q - 3 javelins (quivered)
 M - 8 atropa-tipped darts
Armour
 c - a +1 helmet (worn)
 h - a +0 plate armour
 r - a +0 chain mail
 y - a +0 ring mail
 D - a +0 buckler (worn)
 H - a +0 kite shield
 N - a +0 scale mail (worn)
 O - a +0 pair of gloves (worn)
Jewellery
 b - a ring of positive energy (left hand)
 e - the ring of Ytteinn {Will++ MP+9 Str-4 Stlth+}
   (You found it on level 4 of the Dungeon)

   [ring of magical power]

   It affects your strength (-4).
   It affects your willpower, your defense against some magical effects.
   It affects your magic capacity (+9).
   It makes you more stealthy.
 k - a ring of wizardry (right hand)
 A - an uncursed ring of wizardry
 J - an amulet of the acrobat (around neck)
Wands
 l - a wand of polymorph (3)
 E - a wand of flame (8)
Scrolls
 f - 3 scrolls of amnesia
 g - a scroll of magic mapping
 j - 2 scrolls of teleportation
 m - 2 scrolls of remove curse
 n - 4 scrolls of enchant weapon
 v - 2 scrolls of identify
 w - 3 scrolls of enchant armour
 z - a scroll of fear
 K - a scroll of vulnerability {unknown}
Potions
 i - 4 potions of brilliance
 s - a potion of curing
 t - a potion of mutation {unknown}
 x - 2 potions of magic
 C - a potion of attraction {unknown}
 G - 2 potions of ambrosia {unknown}
 I - a potion of berserk rage
 L - a potion of degeneration {unknown}


   Skills:
 + Level 6.6 Fighting
 * Level 10.4 Polearms
 + Level 6.3 Throwing
 + Level 3.0 Armour
 + Level 9.4 Dodging
 + Level 7.9 Stealth
 - Level 4.0 Shields
 - Level 5.0 Invocations


You had 9 spell levels left.
You didn't know any spells.
Your spell library contained the following spells:

 Spells                   Type           Power        Failure   Level
 Beastly Appendage        Tmut           0%           52%         1
 Magic Dart               Conj           0%           52%         1
 Blink                    Tloc           N/A          65%         2
 Call Imp                 Summ           0%           65%         2
 Slow                     Hex            0%           65%         2
 Wereblood                Tmut           0%           65%         2
 Confusing Touch          Hex            0%           86%         3
 Conjure Flame            Conj/Fire      0%           86%         3
 Gell's Gravitas          Tloc           0%           86%         3
 Mephitic Cloud           Conj/Pois/Air  0%           86%         3
 Spider Form              Tmut/Pois      0%           86%         3
 Ice Form                 Ice/Tmut       0%           99%         4
 Petrify                  Tmut/Erth      0%           99%         4
 Blade Hands              Tmut           0%           100%        5
 Metabolic Englaciation   Hex/Ice        0%           100%        5
 Yara's Violent Unravell  Hex/Tmut       0%           100%        5


Dungeon Overview and Level Annotations

Branches:
Dungeon (10/15)            Temple (1/1) D:4
   Lair: D:8-11         Orc: D:9-12

Altars:
Cheibriados
Dithmenos
Elyvilon
Fedhas
Gozag
Hepliaklqana
Kikubaaqudgha
Makhleb
Nemelex Xobeh
Okawaru
Qazlal
Ru
Sif Muna
Trog
Uskayaw
Vehumet
Wu Jian
Xom
Yredelemnul
Zin
The Shining One

Shops:
D:7 (

Portals:
Bailey: D:10

Annotations:
D:5 1 runed translucent door (!Inarius ghost), exclusion: downstairs, Inarius's ghost, novice BaIE
D:6 Maggie, Maggie
D:10 Sonja


Message History

Sonja is severely wounded.
Sonja hits you but does no damage. Space bends around you.
* * * LOW HITPOINT WARNING * * *
Sonja hits you but does no damage.
You blink.
Sonja casts a spell.
Sonja blinks!
You can now deal lightning-fast blows.
Sonja says, "Someone hired me to kill you, but I'm not supposed to say who."
Sonja twirls her cape.
Sonja casts a spell.
Sonja blinks!
You hear the quick creaking of a portcullis nearby.
You puncture Sonja!
Sonja is almost dead.
Sonja misses you. Sonja hits you but does no damage. Space bends around you!
* * * LOW HITPOINT WARNING * * *
Sonja hits you with a +1 short sword of distortion.
* * * LOW HITPOINT WARNING * * *
Space warps horribly around you!
You die...

,,,,,,,,**,,,'.≈.g.≈...+,,* *,,
,,,,,,,,,,,**#.≈.gg≈...#*** *,,
,,,,,,,,**** #.≈≈≈≈≈...* *,,
,,,,,,,,* #...(....,* *,,
****.,*** ***#....#** ***
****#.###* #######†## *
,,,,,,...### #.....>..# *
,,,,,,,,...# #........# ***
,,,,,,>,,#.###.K@.....# *****,,
,,,,,,,,,#(.##........#*###,,,+,,
,,,,,,,,,##(##(.......#...,,***,,
,,,,,,,,,*#..#........#.#**** *,,
,,,,,,,,,*##.)..........# *,,
********** ###......(.### *,,
***** #######(## *** ,,,,*
######...# *,, ***,** #......###
*,*


You could see Sonja.

Vanquished Creatures
  A two-headed ogre (D:9)
  Joseph (D:8)
  2 trolls (D:9)
  Grinder (D:3)
  Prince Ribbit (D:8)
  A vampire (D:9)
  A wraith (D:10)
  A yak (D:9)
  Menkaure (D:5)
  A soldier ant (D:9)
  Edmund (D:5)
  Duvessa (D:5)
  A water moccasin (D:10)
  2 orc warriors
  3 phantoms
  7 ogres
  3 centaurs
  A necrophage (D:8)
  6 bullfrogs
  Dowan (D:5)
  A wyvern skeleton (D:9)
  2 scorpions
  3 wights (D:8)
  4 howler monkeys
  3 centaur zombies
  5 orc wizards
  3 orc priests
  5 hounds
  A centaur skeleton (D:9)
  An iguana (D:9)
  8 worker ants
  Ijyb (D:3)
  A hound skeleton (D:6)
  7 gnolls
  13 adders
  3 white imps
  An ufetubus (D:9)
  2 oozes (D:1)
  An adder zombie (D:5)
  3 adder skeletons
  5 worms
  2 dart slugs (D:1)
  8 leopard geckos
  21 orcs
  9 bats
  7 giant cockroaches
  10 goblins
  4 hobgoblins
  6 jackals
  5 kobolds
  6 quokkas
  8 frilled lizards
  A jackal skeleton (D:4)
  A jackal zombie (D:5)
  A leopard gecko skeleton (D:9)
  A leopard gecko zombie (D:5)
  11 rats
211 creatures vanquished.

Notes
Turn   | Place    | Note
-------+----------+-------------------------------------------
     0 | D:1      | wakim the Merfolk Gladiator began the quest for the Orb.
     0 | D:1      | Reached XP level 1. HP: 16/16 MP: 1/1
    18 | D:1      | Reached XP level 2. HP: 22/23 MP: 2/2
   286 | D:1      | Reached skill level 5 in Polearms
   333 | D:1      | You fall into a shaft and drop 1 floor!
   495 | D:1      | Reached XP level 3. HP: 28/28 MP: 3/3
  1063 | D:2      | Found a hazy altar of Hepliaklqana.
  1553 | D:3      | Noticed a centaur
  1610 | D:2      | Reached skill level 1 in Stealth
  1610 | D:2      | Reached XP level 4. HP: 34/34 MP: 4/4
  1726 | D:3      | Noticed Ijyb
  1744 | D:3      | Killed Ijyb
  1847 | D:3      | Noticed Grinder
  1847 | D:3      | Noticed a centaur
  2131 | D:4      | Found a staircase to the Ecumenical Temple.
  2136 | Temple   | Entered the Ecumenical Temple
  2305 | Temple   | Became a worshipper of Warmaster Okawaru
  2401 | D:4      | Reached skill level 6 in Polearms
  2401 | D:4      | Reached XP level 5. HP: 41/41 MP: 5/5
  2771 | Temple   | Reached skill level 5 in Dodging
  2872 | D:4      | Reached XP level 6. HP: 46/47 MP: 6/6
  3116 | D:4      | Reached * piety under Okawaru
  3320 | D:4      | Reached skill level 7 in Polearms
  3322 | D:4      | Got a faintly glowing brass ring
  3323 | D:4      | Identified the ring of Ytteinn {Will++ MP+9 Str-4 Stlth+}
                  | (You found it on level 4 of the Dungeon)
  3504 | D:4      | Noticed Menkaure
  3504 | D:4      | Noticed a phantom
  3507 | D:5      | Entered Level 5 of the Dungeon
  3507 | D:5      | Found a stormy altar of Qazlal.
  3507 | D:5      | Noticed Dowan
  4008 | D:3      | Paralysed by Grinder for 4 turns
  4016 | D:3      | Paralysed by Grinder for 6 turns
  4055 | D:3      | Killed Grinder
  4056 | D:3      | Reached XP level 7. HP: 21/54 MP: 7/7
  4491 | D:3      | Found a white marble altar of Elyvilon.
  4585 | D:5      | Found a runed translucent door.
  4586 | D:5      | Noticed Inarius's ghost (novice BaIE)
  4609 | D:5      | Killed Menkaure
  4609 | D:5      | Reached ** piety under Okawaru
  4610 | D:5      | Reached skill level 8 in Polearms
  4610 | D:5      | Reached skill level 1 in Invocations
  4889 | D:5      | Reached XP level 8. HP: 53/61 MP: 7/9
  4987 | D:5      | Noticed Edmund
  5044 | D:5      | Killed Edmund
  5275 | D:5      | Found a shimmering altar of Xom.
  5276 | D:5      | Found a hide-covered altar of Uskayaw.
  5278 | D:5      | Found a basalt altar of Yredelemnul.
  5323 | D:5      | Reached skill level 5 in Fighting
  5849 | D:5      | Reached skill level 5 in Stealth
  6069 | D:5      | Noticed Duvessa
  6246 | D:5      | Found a sacrificial altar of Ru.
  6249 | D:5      | Found a snail-covered altar of Cheibriados.
  6715 | D:6      | Noticed Maggie
  6977 | D:6      | Reached skill level 5 in Throwing
  7103 | D:5      | Killed Duvessa
  7104 | D:5      | Reached XP level 9. HP: 58/68 MP: 11/11
  7165 | D:5      | Killed Dowan
  7834 | D:6      | Reached *** piety under Okawaru
  8215 | D:7      | Found an iron altar of Okawaru.
  8264 | D:7      | Found Mogegod's Weapon Emporium.
  8273 | D:7      | Bought 3 javelins for 28 gold pieces
  8483 | D:7      | Reached skill level 1 in Armour
  8764 | D:6      | Found a shimmering blue altar of Sif Muna.
  9498 | D:8      | Noticed Joseph
  9533 | D:8      | Killed Joseph
  9534 | D:8      | Reached skill level 5 in Invocations
  9919 | D:8      | Noticed Prince Ribbit
  9964 | D:8      | Killed Prince Ribbit
 10515 | D:8      | Reached skill level 1 in Shields
 10515 | D:8      | Reached XP level 10. HP: 54/76 MP: 13/13
 10667 | D:8      | Reached skill level 9 in Polearms
 11170 | D:9      | Found a bloodstained altar of Trog.
 11178 | D:9      | Noticed a rakshasa
 11202 | D:9      | Reached **** piety under Okawaru
 11297 | D:9      | Noticed a boulder beetle
 12452 | D:9      | Noticed a two-headed ogre
 12566 | D:9      | Received a gift from Okawaru
 12591 | D:9      | Reached skill level 10 in Polearms
 12651 | D:9      | Killed a two-headed ogre
 12753 | D:10     | Entered Level 10 of the Dungeon
 13029 | D:10     | Found a flagged portal.
 13044 | D:10     | Reached ***** piety under Okawaru
 13047 | D:10     | Noticed Sonja
 13203 | D:10     | Slain by Sonja

Illustrated notes

Levels and vault maps discovered:
D:1:      lightli_arrival_statuegarden, layout_loops_ring
D:2:      layout_rooms, lemuel_crystal_altar, minivault_27
D:3:      layout_rooms, marbit_many_paths, minmay_bisected, uniq_grinder,
          uniq_ijyb
D:4:      layout_basic, temple_doors_e, uniq_menkaure
D:5:      layout_basic, grunt_temple_overflow_open, ebering_ghost_sewer_d,
          uniq_edmund, uniq_duvessa
D:6:      layout_gridville, basic_altar, uniq_maggie
D:7:      layout_basic, serial_shops, shop, okawaru_ov_weapons_minmay
D:8:      layout_cave_pods, ebering_dispersal_statue_hall, uniq_prince_ribbit1,
          uniq_joseph
D:9:      minmay_the_grid_triangle_9x9_recursive_2
          [minmay_the_grid_triangle_9x9_prize_top_heavy,
          minmay_the_grid_triangle_9x9_thin_v,
          minmay_the_grid_triangle_9x9_warning,
          minmay_the_grid_triangle_9x9_checkered], layout_loops_ring,
          nicolae_overflow_hidden_temple, overflow_temple_1_default,
          st_stairs_12
D:10:     layout_roguey, enter_bailey_5, uniq_sonja
Temple:   minmay_temple_bridge_abc

Skill      XL: |  1  2  3  4  5  6  7  8  9 10 |
---------------+-------------------------------+-----
Polearms       | 5 6 7 8 10 | 10.4
Stealth        | 1 2 3 4 5 7 |  7.9
Fighting       | 3 4 5 6 |  6.6
Dodging        | 5 6 7 8 9 |  9.4
Throwing       | 3 5 6 |  6.3
Invocations    | 1 3 5 |  5.0
Armour         | 2 3 |  3.0
Shields        | 1 4 |  4.0

Action                   |  1- 3 |  4- 6 |  7- 9 | 10-12 || total
-------------------------+-------+-------+-------+-------++-------
Melee: Trident           |   113 |   180 |   424 |   224 ||   941
Throw: Stone             |       |     5 |       |       ||     5
       Javelin           |       |       |    48 |    23 ||    71
       Throwing net      |       |       |     4 |       ||     4
Invok: Heroism           |       |       |     4 |     3 ||     7
       Finesse           |       |       |       |     1 ||     1
  Use: Scroll            |     6 |     5 |     5 |     3 ||    19
       Potion            |     2 |     1 |     1 |     1 ||     5
 Stab: Sleeping          |     6 |     6 |    12 |     4 ||    28
       Distracted        |       |     1 |     1 |     2 ||     4
       Held in net/web   |       |       |     1 |       ||     1
Armor: Leather armour    |    15 |       |       |       ||    15
       Ring mail         |     3 |    51 |    68 |    21 ||   143
       Skin              |       |    12 |       |       ||    12
       Scale mail        |       |       |       |    18 ||    18
Dodge: Dodged            |    40 |   119 |   187 |   133 ||   479
Block: Buckler           |       |       |     6 |    46 ||    52

Table legend: (Time is in decaauts)
 A = Elapsed time spent in this place.
 B = Non-inter-level travel time spent in this place.
 C = Inter-level travel time spent in this place.
 D = Time resting spent in this place.
 E = Time spent auto-exploring this place.
 F = Levels seen in this place.
 G = Mean time per level.
                   A        B        C        D        E       F      G
               +--------+--------+--------+--------+--------+-----+--------+
         Total |  13093 |  12366 |    727 |   3898 |   3481 |  11 | 1190.3 |
       Dungeon |  12591 |  11876 |    715 |   3614 |   3389 |  10 | 1259.1 |
        Temple |    502 |    490 |     12 |    284 |     92 |   1 |  502.0 |
               +--------+--------+--------+--------+--------+-----+--------+

Top non-repeatable levels by time:
     D:5: 2496 daAuts
     D:8: 2076 daAuts
     D:4: 1545 daAuts
     D:6: 1450 daAuts
     D:9: 1262 daAuts
     D:3: 891 daAuts
     D:1: 839 daAuts
     D:2: 803 daAuts
     D:7: 766 daAuts
  Temple: 502 daAuts
    D:10: 458 daAuts
